[Event "Late-Titled-Tuesday-Blitz-September-05-2023"]
[Site "Chess.com"]
[Date "2023.09.05"]
[Round "10"]
[White "MajorCoast"]
[Black "Sinquefield"]
[Result "1-0"]
[WhiteElo "2302"]
[BlackElo "2438"]
[TimeControl "180+1"]
[EndTime "15:55:53 PDT"]
[Termination "MajorCoast won on time"]

1. d4 Nf6 2. Nf3 d6 3. Nc3 Nbd7 4. e4 e5 5. Bc4 Be7 6. a4 c6 7. O-O O-O 8. h3 b6 9. Be3 a6 10. Re1 Rb8 11. Qd2 b5 12. Bd3 b4 13. Ne2 a5 14.
Ng3 Re8 15. Bc4 Qc7 16. Nf5 Bf8 17. Ng5 d5 18. exd5 cxd5 19. Bb5 e4 20. Bf4 Qb7 21. Bxb8 Qxb8 22. c3 g6 23. Ne3 Qf4 24. Nf1 Qxd2 25. Nxd2 h6 26. Nxf7 Kxf7 27. Nf1 Bd6 28. Ne3 Rd8 29.
Red1 Nb6 30. Rac1 Be6 31. Rc2 b3 32. Rcc1 Nc4 33. Bxc4 dxc4 34. d5 Nxd5 35. Nxc4 Bf4 36. Ra1 Ra8 37. g3 Bc7 38. Kg2 Nxc3 39. bxc3 Bxc4 40.
Rd7+ Ke6 41. Rxc7 b2 42. Rb1 Bd5 43. Rxb2 e3+ 44. Kf1 Kd6 45. Rg7 Bc4+ 46. Ke1 e2 47.
Rxg6+ Kc5 48. Rxe2 Bxe2 49. Kxe2 Kc4 50. Rxh6 Kxc3 51.
Rh5 Kb3 52. Rh4 Rb8 53. Re4 Rb4 54. Ke3 Kxa4 55. f4 1-0

[Event "Late-Titled-Tuesday-Blitz-September-05-2023"]
[Site "Chess.com"]
[Date "2023.09.05"]
[Round "10"]
[White "YEIKO2017"]
[Black "Mesa_1"]
[Result "0-1"]
[WhiteElo "2444"]
[BlackElo "2629"]
[TimeControl "180+1"]
[EndTime "15:55:56 PDT"]
[Termination "Mesa_1 won by resignation"]

1. e4 e5 2. Nf3 Nc6 3. Bb5 a6 4. Ba4 Nf6 5. d4 exd4 6. O-O Be7 7. Re1 O-O 8. e5 Nd5 9. Nxd4 Nxd4 10. Qxd4 Nb6 11.
Bb3 c5 12. Qe4 d5 13. exd6 Bxd6 14. Bf4 Bxf4 15. Qxf4 Be6 16. Bxe6 fxe6 17. Qg4 Kh8 18. Nc3 Qf6 19. Ne4 Qf5 20. Qxf5 Rxf5 21. Nd6 Rd5 22. Rxe6 h6 23. Nf7+ Kg8 24. Rxb6 Kxf7 25. Rxb7+ Kg6 26. Re1 Rd2 27. h4 Rxc2 28. Re6+ Kh7 29. Ree7 Rg8 30. h5 c4 31. g4 c3 32. bxc3 Rxc3 33. Kg2 Ra3 34. f4 Rxa2+ 35. Kg3 Ra3+ 36. Kh4 Ra1 37. g5 Rh1+ 38. Kg4 hxg5 39. fxg5 Rg1+ 40. Kf5 Rf8+ 41. Ke6 Re1+ 42. Kd7 Rxe7+ 43. Kxe7 Rf5 44. h6 Rxg5 45. Ra7 g6 46. Kf6+ Kxh6 47. Rxa6 Rf5+ 48. Ke6 Rb5 49. Kf6 Rf5+ 50. Ke6 Rf1 51. Ke5 Kh5 52. Ke4 g5 53.
Ke3 Rf7 54. Ke2 g4 55. Ra8 Kh4 56. Rh8+ Kg3 57. Rg8 Kh3 58. Rh8+ Kg2 59. Ke1 g3 60. Rg8 Kh2 61. Rh8+ Kg1 62. Rg8 g2 63. Rh8 Rf5 64. Ke2 Re5+ 65. Kf3 Kf1 0-1

[Event "Late-Titled-Tuesday-Blitz-September-05-2023"]
[Site "Chess.com"]
[Date "2023.09.05"]
[Round "10"]
[White "temus_galaktionov"]
[Black "Sibelephant"]
[Result "0-1"]
[WhiteElo "2835"]
[BlackElo "3098"]
[TimeControl "180+1"]
[EndTime "15:55:57 PDT"]
[Termination "Sibelephant won by resignation"]

1. d4 Nf6 2. Nf3 g6 3. c4 Bg7 4. Nc3 d5 5. cxd5 Nxd5 6. e4 Nb6 7. Be3 Bg4 8. Be2 O-O 9. O-O Nc6 10. d5 Bxf3 11. gxf3 Ne5 12. Bd4 c6 13. f4 Ned7 14.
Bxg7 Kxg7 15. dxc6 bxc6 16. e5 Nc5 17. Bf3 Nd3 18. Bxc6 Rc8 19. Qf3 Nxf4 20. Rad1 Qc7 21. Qxf4 Qxc6 22. Rd4 Qe6 23. Rfd1 Rc5 24. Re1 Nc4 25.
b3 Nxe5 26. Re3 Rfc8 27. Ne4 Rc1+ 28. Kg2 f6 29. Nd2 Qc6+ 30. Nf3 Rc7 31. Qe4 Nxf3 32. Qxc6 Nh4+ 33. Rxh4 R1xc6 34. Rhe4 e5 35. f4 exf4 36. Rxf4 Rc2+ 37. Rf2 Rxf2+ 38. Kxf2 Rc2+ 39. Re2 Rxe2+ 40. Kxe2 Kf7 41. Ke3 Ke6 42. Kd4 Kd6 43. b4 a6 44.
a4 Kc6 45. Ke4 Kd6 46. Kd4 g5 47. Ke4 Ke6 48. b5 axb5 49. axb5 f5+ 50. Kd4 Kd6 51. h3 h5 52. b6 Kc6 53. Ke5 g4 54. hxg4 fxg4 55.
Kf4 Kxb6 56. Kg3 Kc5 57. Kh4 Kd4 58. Kg3 Ke4 59. Kh4 Kf3 60. Kxh5 g3 61. Kh4 g2 62. Kh5 g1=Q 63. Kh6 Kf4 64. Kh7 Kf5 65. Kh8 Kf6 0-1

[Event "Late-Titled-Tuesday-Blitz-September-05-2023"]
[Site "Chess.com"]
[Date "2023.09.05"]
[Round "10"]
[White "slidingknight2775"]
[Black "kacprekt"]
[Result "1/2-1/2"]
[WhiteElo "2563"]
[BlackElo "2428"]
[TimeControl "180+1"]
[EndTime "15:56:05 PDT"]
[Termination "Game drawn - insufficient material"]

1. d4 d6 2. Nf3 Nf6 3. c4 Nbd7 4. Nc3 e5 5. e4 Be7 6. d5 O-O 7.
Bd3 c6 8. O-O cxd5 9. cxd5 a6 10. a4 Nc5 11. h3 Bd7 12. Be3 Nxd3 13. Qxd3 Qb8 14. a5 Bd8 15. Nd2 b5 16. axb6 Bxb6 17. Bxb6 Qxb6 18. Nc4 Qc7 19. Rfc1 Rfb8 20. Ne3 Qb7 21.
Rc2 Ne8 22. Ra3 Bb5 23. Nxb5 Qxb5 24. Qxb5 Rxb5 25. Rc6 Rxb2 26. Raxa6 Rxa6 27. Rxa6 Rb8 28. Nc4 Rd8 29. f3 g6 30. Na5 Kg7 31. Nc6 Rd7 32. Ra8 Nf6 33. Rb8 Nh5 34. Kh2 f5 35. Nd8 fxe4 36.
fxe4 Nf6 37. Ne6+ Kh6 38. Rb4 Ra7 39. Nd8 Kg5 40. Rb6 Rd7 41. Rxd6 Rxd6 42. Nf7+ Kf4 43. Nxd6 Ke3 44. Kg1 Kd4 45. Nf7 Kxe4 46. d6 Nd7 47.
Ng5+ Kd5 48. Nxh7 Kxd6 49. Ng5 Nf6 50. Kf2 Kd5 51. Ke3 Nh5 52. Ne4 Nf4 53. Kf3 Nxg2 54. Nc3+ Kc4 55. Ne2 Ne1+ 56. Ke4 Nd3 57. Ng1 g5 58. Nf3 Nf2+ 59. Kxe5 Nxh3 60. Kf5 g4 61. Ne5+ Kd4 62. Nxg4 1/2-1/2

[Event "Late-Titled-Tuesday-Blitz-September-05-2023"]
[Site "Chess.com"]
[Date "2023.09.05"]
[Round "10"]
[White "EsmeraldasAnderson03"]
[Black "kikoveiga"]
[Result "1/2-1/2"]
[WhiteElo "2423"]
[BlackElo "2562"]
[TimeControl "180+1"]
[EndTime "15:56:06 PDT"]
[Termination "Game drawn - insufficient material"]

1. d4 Nf6 2. Nf3 e6 3. g3 c5 4. Bg2 Nc6 5. e3 d5 6. O-O Be7 7. dxc5 Bxc5 8. a3 a5 9. c4 d4 10. exd4 Nxd4 11. Nc3 O-O 12. Nxd4 Qxd4 13. Qxd4 Bxd4 14.
Nb5 Bc5 15. Bf4 a4 16. Nd6 Bd4 17. Nxc8 Raxc8 18. Bxb7 Rxc4 19. Rac1 Rxc1 20. Rxc1 e5 21. Bg5 Bxb2 22. Rc4 Bxa3 23. Rxa4 Be7 24. Ra7 Bc5 25. Ra5 Bd4 26. h3 Rb8 27. Ra8 Rxa8 28. Bxa8 Ne8 29.
Be7 Nc7 30. Bc6 Ne6 31. Kg2 Bc5 32. Bxc5 Nxc5 33. Bd5 Kf8 34. Kf3 Ke7 35. Ke3 f5 36. Bg8 h6 37. f4 e4 38. g4 g6 39. g5 hxg5 40. fxg5 Ne6 41. h4 Kd6 42. Bf7 Nf8 43. Kf4 Ke7 44. Ba2 Ne6+ 45. Ke3 Kd6 46. Bb3 Ke5 47. Bd1 f4+ 48. Kf2 Kf5 49. Kg2 Nd4 50. Kh3 f3 51. Kg3 e3 52. Bxf3 e2 53. Bg4+ Ke4 54.
Kf2 Kd3 55. h5 gxh5 56. Bxh5 Kd2 57. Bxe2 Nxe2 58. g6 Nc3 59. g7 Ne4+ 60. Kf3 Nf6 61. Kf4 Ng8 62. Kg5 Ke3 63. Kg6 Ke4 64. Kf7 Nh6+ 65.
Kg6 Ng8 66. Kf7 Nh6+ 67. Kf8 Kf5 68. g8=Q Nxg8 1/2-1/2

[Event "Late-Titled-Tuesday-Blitz-September-05-2023"]
[Site "Chess.com"]
[Date "2023.09.05"]
[Round "10"]
[White "Quattroporte300"]
[Black "dosto07"]
[Result "1/2-1/2"]
[WhiteElo "2391"]
[BlackElo "2494"]
[TimeControl "180+1"]
[EndTime "15:56:12 PDT"]
[Termination "Game drawn - insufficient material"]

1. e4 e5 2. Nf3 Nc6 3. Bc4 Bc5 4. c3 Nf6 5. d3 d6 6. O-O a6 7. Bb3 Ba7 8. Nbd2 O-O 9. h3 Be6 10. Re1 Re8 11. Nf1 h6 12. Ng3 d5 13. exd5 Bxd5 14. Be3 Qd7 15. Qe2 Bxe3 16. Qxe3 Rad8 17. Ne4 Nxe4 18. dxe4 Bxb3 19. axb3 Qd3 20. b4 Qxe3 21. Rxe3 Rd6 22. Kf1 Red8 23. Ree1 Kf8 24. Ke2 Ke7 25. Red1 Rxd1 26. Rxd1 Rxd1 27. Kxd1 Ke6 28. Kd2 g6 29. Kd3 f5 30. Nh4 Ne7 31. exf5+ gxf5 32. g3 Nd5 33. Ng2 Nf6 34. Ke3 Kd5 35. Nh4 Ke6 36. Ng6 Nd5+ 37. Ke2 Nb6 38. b3 Nd7 39. Nh4 Nf6 40. Nf3 Ne4 41. c4 Kd6 42. Nh4 Ke6 43. Nf3 b6 44. Ne1 Nd6 45. Nd3 Ne4 46. h4 Nf6 47. f3 Nd7 48.
Ke3 Nb8 49. g4 Nc6 50. g5 hxg5 51. hxg5 Ne7 52. f4 exf4+ 53. Nxf4+ Ke5 54. Nd3+ Ke6 55. Nf4+ Kf7 56. Kd4 Nc6+ 57. Kc3 Ne5 58. c5 b5 59. Nd5 Kg6 60. Nxc7 Kxg5 61. Kd4 Nc6+ 62. Kd5 Nxb4+ 63.
Kd6 f4 64. Ne6+ Kg4 65. c6 Nxc6 66. Nxf4 Nd4 67. Nd5 Nxb3 68. Nc7 a5 69. Nxb5 a4 70. Kd5 Kf3 71. Kc4 Ke2 72. Kb4 Nd2 73. Kxa4 1/2-1/2

[Event "Late-Titled-Tuesday-Blitz-September-05-2023"]
[Site "Chess.com"]
[Date "2023.09.05"]
[Round "10"]
[White "DefiantChair"]
[Black "Sjakkerntobi"]
[Result "1-0"]
[WhiteElo "2643"]
[BlackElo "2474"]
[TimeControl "180+1"]
[EndTime "15:56:25 PDT"]
[Termination "DefiantChair won by checkmate"]

1. e4 e6 2. d4 d5 3. Nd2 a6 4. c3 c5 5. exd5 exd5 6. Ngf3 Nf6 7. Be2 Be7 8. dxc5 Bxc5 9. O-O O-O 10. Nb3 Bb6 11. Bf4 Nc6 12. Nbd4 Ne4 13. Be3 Qf6 14. Re1 Bc7 15. g3 Bg4 16. Nxc6 bxc6 17. Nd4 Bd7 18. Bf3 Rfe8 19. Bg2 Rab8 20. Nb3 a5 21.
Qc2 Bf5 22. Qc1 a4 23. Nd4 Bd7 24. a3 c5 25. Nf3 Bd6 26. Nd2 Bc6 27. Nxe4 dxe4 28.
Qc2 Bf8 29. Rad1 Rb3 30. Rd2 Qe6 31. Red1 Be7 32. h4 h6 33. Bf4 f5 34. h5 Bb5 35. Bd6 Bd3 36. Rxd3 exd3 37. Rxd3 Bxd6 38. Bd5 Qxd5 39. Rxd5 Bf8 40. Qxf5 Rxb2 41. Rd7 Reb8 42. Qd5+ Kh8 43. Rf7 Rb1+ 44. Kg2 R1b3 45. Qf5 Kg8 46. Ra7 Rxa3 47. c4 Ra1 48. g4 a3 49. g5 hxg5 50. h6 a2 51. Qg6 Rg1+ 52. Kxg1 Rb1+ 53. Kg2 a1=Q 54. Rxa1 Rxa1 55. h7+ Kh8 56. Qe8 Kxh7 57. Qxf8 Rc1 58. Qxc5 Kh6 59. Qd6+ g6 60. c5 Kh5 61.
f3 Rc2+ 62. Kg3 Rc4 63. Qe5 Rg4+ 64. fxg4+ Kh6 65. Qh8# 1-0

[Event "Late-Titled-Tuesday-Blitz-September-05-2023"]
[Site "Chess.com"]
[Date "2023.09.05"]
[Round "10"]
[White "Ducke13"]
[Black "JackRodgers"]
[Result "1-0"]
[WhiteElo "2488"]
[BlackElo "2594"]
[TimeControl "180+1"]
[EndTime "15:56:29 PDT"]
[Termination "Ducke13 won on time"]

1. d4 Nf6 2. g3 e6 3. c4 Bb4+ 4. Nd2 c5 5. dxc5 Bxc5 6. Bg2 Nc6 7. Ngf3 O-O 8. O-O d5 9. cxd5 exd5 10. a3 a5 11. b3 Bf5 12. Bb2 Re8 13. Rc1 Qd6 14.
Nh4 Bg6 15. Nxg6 hxg6 16. e3 Bxa3 17. Bxa3 Qxa3 18. h4 Rad8 19. Nf3 Qd6 20. Nd4 Ne4 21. Qd3 Nxd4 22. Qxd4 Qb4 23. Qxb4 axb4 24. Rc7 Nd2 25. Rd1 Nxb3 26. Rxd5 b6 27. Rb5 Rd6 28. Bd5 Rxd5 29. Rxd5 Nc5 30. Rc6 Rb8 31. Rd4 b3 32. Rb4 Rd8 33.
Rbxb6 Rd1+ 34. Kg2 Nd3 35. Rxb3 Ne1+ 36. Kh3 Nd3 37.
Rc8+ Kh7 38. Kg2 Rd2 39. Rxd3 Rxd3 40. Rf8 Rd7 41. g4 Ra7 42. Kg3 Rb7 43. g5 Re7 44. Kg4 Rc7 45. f3 Ra7 46. e4 Re7 47. Kf4 Rc7 48.
Kg4 Re7 49. h5 gxh5+ 50. Kxh5 Rc7 51. Rxf7 Rc1 52. g6+ Kg8 53. Rd7 Rc5+ 54. Kg4 Rc8 55. f4 Re8 56. e5 Ra8 57. Kg5 Kf8 58. Rf7+ Kg8 59. Rd7 Re8 60. Rd2 Ra8 61. Rc2 Kf8 62. Rh2 Kg8 63. f5 Ra1 64. Rg2 Ra5 65. e6 Ra8 66.
Rd2 Re8 67. e7 Kh8 68. Rd7 1-0

[Event "Late-Titled-Tuesday-Blitz-September-05-2023"]
[Site "Chess.com"]
[Date "2023.09.05"]
[Round "10"]
[White "leoduarte"]
[Black "ketster"]
[Result "1-0"]
[WhiteElo "2430"]
[BlackElo "2526"]
[TimeControl "180+1"]
[EndTime "15:56:34 PDT"]
[Termination "leoduarte won by checkmate"]

1. d4 d5 2. Nf3 Nf6 3. Bf4 c5 4.
e3 Nc6 5. Nbd2 cxd4 6. exd4 Bf5 7. c3 e6 8. Qb3 Bd6 9. Qxb7 Bxf4 10. Qxc6+ Kf8 11. Ne5 Rc8 12. Qb7 Bxd2+ 13. Kxd2 Ne4+ 14. Ke1 Rc7 15. Qb4+ Kg8 16. Be2 h5 17. g3 Kh7 18.
f3 Nd6 19. Kf2 Rb7 20. Qa3 f6 21. Nc6 Qc7 22. Na5 Rb6 23. b4 Rc8 24. Rhc1 e5 25.
dxe5 fxe5 26. Qb3 Be6 27. Qc2+ e4 28. Qd2 Rf8 29. Kg2 Qf7 30. f4 Nf5 31. Nb3 Rd6 32. Nd4 Bc8 33. Nxf5 Qxf5 34. Qd4 h4 35. Qe3 Qh3+ 36.
Kg1 Rg6 37. Bf1 Qf5 38. Kf2 Qh5 39. Be2 Qf5 40. Rg1 Qh3 41. Rg2 Qf5 42. Rf1 h3 43. Rgg1 Qf6 44. Rd1 Qd6 45. Rd4 Bb7 46.
Rgd1 Qc7 47. Bh5 Rgf6 48. Bg4 g5 49. f5 Kh6 50. c4 dxc4 51. Rd7 Qb6 52. Qxb6 Rxb6 53.
R1d6+ Rxd6 54. Rxd6+ Kg7 55. Rd7+ Rf7 56. Rd4 c3 57.
Rc4 Bd5 58. Rxc3 Bxa2 59. Ke3 Bd5 60. Rc5 Bb7 61. Bxh3 Kf6 62. Bf1 Re7 63. h4 gxh4 64. gxh4 Re5 65. Rxe5 Kxe5 66. Bh3 Bc8 67. h5 Bxf5 68.
Bxf5 Kxf5 69. h6 Kg6 70. Kxe4 Kxh6 71. Kd5 Kg6 72. Kc6 Kf6 73. Kb7 Ke6 74. Kxa7 Kd6 75. b5 Kd5 76. b6 Ke4 77. b7 Kf3 78. b8=Q Kg2 79. Qb6 Kh1 80. Qb5 Kg1 81. Qb2 Kf1 82. Kb6 Ke1 83. Kc5 Kd1 84. Kd4 Ke1 85. Ke3 Kf1 86.
Qf2# 1-0

[Event "Late-Titled-Tuesday-Blitz-September-05-2023"]
[Site "Chess.com"]
[Date "2023.09.05"]
[Round "10"]
[White "RIPOL"]
[Black "IMRosen"]
[Result "1-0"]
[WhiteElo "2462"]
[BlackElo "2615"]
[TimeControl "180+1"]
[EndTime "15:56:48 PDT"]
[Termination "RIPOL won by checkmate"]

1. d4 e6 2. c4 Ne7 3. Nc3 d6 4. e4 Nd7 5. Nf3 Nb6 6. Be2 Ng6 7. O-O Be7 8. Be3 O-O 9. a4 a5 10. Rc1 Bd7 11. b3 c6 12. c5 Nc8 13. Nd2 d5 14. e5 f5 15. f4 Nh8 16. Kh1 Nf7 17.
g4 fxg4 18. Bxg4 Nh6 19. Rg1 Bh4 20. Bh3 Ne7 21. Qf3 Nef5 22. Nf1 Be8 23. Ng3 Bg6 24. Nxf5 Bxf5 25. Bxf5 Nxf5 26. Ne2 b6 27. Ng3 Bxg3 28. hxg3 Rb8 29. Bf2 bxc5 30. Rxc5 Rb4 31. Qc3 Qb8 32. Rb1 Ne7 33. Rb2 Qb6 34. Kg2 Rb8 35. Qd2 Rxb3 36. Rxb3 Qxb3 37. Rxa5 Qb1 38. Qe2 Rb2 39. Ra8+ Kf7 40.
Qh5+ Ng6 41. Ra7+ Kf8 42. Ra8+ Ke7 43. Ra7+ Ke8 44. Rxg7 Qe4+ 45. Qf3 Qxf3+ 46. Kxf3 Rb3+ 47. Kg2 Nf8 48. Rc7 Ra3 49. Ra7 Nd7 50. a5 Kd8 51. a6 Kc8 52. Ra8+ Kc7 53. Re8 Rxa6 54. Rxe6 Ra2 55.
Rh6 Nb6 56. Rxh7+ Kd8 57. f5 Nc4 58. g4 Ne3+ 59. Kf3 Nxg4 60. Bh4+ Kc8 61. Kxg4 Rd2 62. e6 Rxd4+ 63. Kg5 Re4 64. Rh8+ Kc7 65. Kf6 d4 66. Bg5 c5 67. Ke7 c4 68. Rh4 Rxh4 69. Bxh4 d3 70. Be1 Kc6 71. f6 Kd5 72. f7 Kd4 73. f8=Q Ke3 74.
Qg7 Ke2 75. Qc3 Ke3 76. Qd2+ Kd4 77. Qc3+ Ke3 78. Qxc4 Ke2 79. Qe4+ Kf1 80. Qxd3+ Kg2 81. Bc3 Kh2 82. Be5+ Kg2 83. Qe3 Kh1 84. Qf3+ Kg1 85.
Bd4+ Kh2 86. Qg4 Kh1 87. Qg1# 1-0

[Event "Late-Titled-Tuesday-Blitz-September-05-2023"]
[Site "Chess.com"]
[Date "2023.09.05"]
[Round "10"]
[White "Sina_Movahed"]
[Black "Bauman_Guy"]
[Result "1/2-1/2"]
[WhiteElo "2986"]
[BlackElo "2916"]
[TimeControl "180+1"]
[EndTime "15:56:54 PDT"]
[Termination "Game drawn - insufficient material"]

1. Nf3 d5 2. g3 c6 3. Bg2 Bg4 4. O-O Nd7 5. c4 Bxf3 6. exf3 dxc4 7. Na3 Nb6 8. Re1 Nf6 9. Bf1 Qd5 10. b3 cxb3 11.
axb3 e6 12. Nc4 Nxc4 13. bxc4 Qd7 14. d4 Be7 15. Be3 O-O 16. Qc2 b5 17. Rec1 a5 18. Bd3 a4 19. g4 h6 20. h4 bxc4 21. Qxc4 Nd5 22. h5 a3 23. Bb1 Rab8 24. Qc2 f5 25. gxf5 Rxf5 26. Qxc6 Qxc6 27. Rxc6 Rxh5 28. Bg6 Rh4 29.
Rxe6 Bf8 30. Re5 Nf4 31. Be4 Ne2+ 32. Kg2 Nc3 33. Kg3 g5 34. Re6 Kf7 35. d5 Rd8 36. Ra6 Nxd5 37. Rd1 Bd6+ 38. Kg2 Nxe3+ 39. fxe3 Be7 40.
Rxd8 Bxd8 41. Rxa3 Be7 42. Ra7 Kf6 43. Ra6+ Kf7 44. Bd5+ Kg7 45. Re6 Kf8 46. Be4 Kf7 47. Rc6 Ke8 48. Rc7 Kd8 49. Rb7 Ke8 50. Bg6+ Kf8 51. Be4 Kf7 52. Kg3 Kf8 53. Rb5 Bd6+ 54. f4 Ke7 55. Bf5 Kf6 56. Rd5 Ke7 57. Rb5 Rh1 58.
Rb7+ Kf6 59. Be4 Re1 60. Kf2 Ra1 61. Bd5 gxf4 62. exf4 Bxf4 63. Kf3 Bd6 64. Be4 Ra3+ 65. Ke2 Rg3 66. Bf3 Rg5 67. Rh7 Bf8 68. Rd7 h5 69. Rh7 Re5+ 70. Kf2 Kg6 71. Rh8 Bg7 72. Rc8 h4 73.
Rc6+ Kg5 74. Kg2 Re3 75. Rc5+ Be5 76. Rc4 Ra3 77. Rg4+ Kf5 78. Rxh4 Ra2+ 79. Kf1 Bg3 80. Rh5+ Kf4 81. Be2 Ke3 82. Rh3 Rxe2 83. Rxg3+ Kf4 84. Kxe2 Kxg3 1/2-1/2

[Event "Late-Titled-Tuesday-Blitz-September-05-2023"]
[Site "Chess.com"]
[Date "2023.09.05"]
[Round "10"]
[White "Firouzja2003"]
[Black "nihalsarin"]
[Result "1-0"]
[WhiteElo "3148"]
[BlackElo "3144"]
[TimeControl "180+1"]
[EndTime "15:57:07 PDT"]
[Termination "Firouzja2003 won by resignation"]

1. e4 c6 2. d4 d5 3. e5 Bf5 4. Nf3 e6 5. Be2 Bb4+ 6. Nbd2 Nd7 7. O-O f6 8. Nb3 Nh6 9. Bxh6 gxh6 10. Nh4 Bg6 11. Bh5 Rg8 12. c3 Bf8 13. exf6 Qxf6 14.
Nxg6 hxg6 15. Bg4 O-O-O 16. Re1 Re8 17. Re3 h5 18. Bh3 Bh6 19. Rf3 Qe7 20. Qe2 g5 21. g4 e5 22. Rf5 e4 23. c4 dxc4 24.
Nd2 hxg4 25. Bxg4 Kb8 26. Nxc4 Nf6 27. Ne5 Nd5 28. Qxe4 Ka8 29. Re1 Qb4 30. Rf7 Nf4 31.
a3 Qb3 32. Re3 Rxe5 33. Qh7 Rd8 34. Rxe5 Qxb2 35. Rxf4 Qc1+ 36. Kg2 Qxf4 37. h3 Qxd4 38. Re7 Bf8 39. Rxb7 Bc5 40. Rf7 Qd5+ 41. Bf3 Qd6 42. Qf5 Kb8 43. Rf6 Qd4 44. Bxc6 Bb6 45. Be4 Rd6 46.
Rf8+ Rd8 47. Rf7 Bc7 48. Qb5+ Qb6 49. Qf5 Qd6 50. Qb5+ Qb6 51. Qxb6+ axb6 52. Rf5 Rg8 53. Bd5 Re8 54. Rxg5 Bd6 55. a4 Bc5 56. Rf5 Rf8 57. Rxf8+ Bxf8 58. f4 Kc7 59. Kf3 Kd6 60. Bc4 Ke7 61.
Ke4 Kf6 62. h4 Bb4 63. Be2 Bd2 64. h5 Ba5 65. Bg4 Bd2 66. f5 Bh6 67. Kd5 Bd2 68. Kc6 Be3 69. h6 Bf2 70. Bh3 Be3 71. Bg4 Bf2 72.
Kd7 Be3 73. h7 Kg7 74. f6+ Kxh7 75. Ke8 Bc5 76. Bf5+ Kh6 77. Be4 Bb4 78. Bd3 Bc5 79. Kf7 Bb4 80. Kg8 Kg5 81. f7 Kf6 82. f8=Q+ Bxf8 83. Kxf8 1-0

[Event "Late-Titled-Tuesday-Blitz-September-05-2023"]
[Site "Chess.com"]
[Date "2023.09.05"]
[Round "10"]
[White "NelsonLinda"]
[Black "IlanSchnaider"]
[Result "1-0"]
[WhiteElo "2527"]
[BlackElo "2726"]
[TimeControl "180+1"]
[EndTime "15:57:16 PDT"]
[Termination "NelsonLinda won by checkmate"]

1. b3 Nf6 2. Bb2 d5 3. g3 c5 4. Bg2 Nc6 5. Nf3 g6 6. O-O Bg7 7. d3 O-O 8. Nbd2 Bg4 9. h3 Bxf3 10. Nxf3 Qc7 11. Re1 Rad8 12. Qc1 e5 13. e3 Rfe8 14.
Nd2 b6 15. a3 a5 16. c4 d4 17. Ne4 Nxe4 18. Bxe4 dxe3 19. Qxe3 Nd4 20. Bxd4 Rxd4 21. a4 f5 22. Bd5+ Kh8 23. Rad1 h6 24. Qf3 Kh7 25. Re3 Qe7 26. Rde1 Qf6 27. h4 h5 28. Qe2 Rg4 29.
Bf3 Rd4 30. Bd5 Re7 31. Kg2 Kh8 32. f4 e4 33. dxe4 fxe4 34. Bxe4 Qd6 35. Bd5 Rxe3 36. Qxe3 Kh7 37. Re2 Rd1 38. Qf3 Qf6 39. Be4 Kh8 40.
Bc2 Rd8 41. f5 Rf8 42. Be4 Qd4 43. Bc2 Qd6 44. Rf2 Bd4 45. Re2 Be5 46. Qd3 Qc6+ 47. Qe4 Qxe4+ 48. Rxe4 Rxf5 49. Re2 Rf6 50. Rxe5 Rd6 51.
Rd5 Re6 52. Kf3 Kg7 53. Rd7+ Kh6 54. Rd2 Rf6+ 55. Ke3 Re6+ 56. Be4 Re5 57. Kf4 Re6 58. Rd5 Rf6+ 59. Ke3 Re6 60. Rg5 Kg7 61. Kf4 Rf6+ 62. Ke5 Kf7 63. Bd5+ Ke7 64. Be4 Re6+ 65. Kf4 Rf6+ 66.
Ke3 Kf7 67. Bd5+ Kg7 68. Re5 Kh6 69. Re6 Rf1 70. Be4 Kh7 71. Bxg6+ Kg7 72. Be4 Re1+ 73. Kf2 Rc1 74. Rxb6 Rc3 75. Bf3 Rc2+ 76. Be2 Rc3 77. Bxh5 Kh7 78. Be2 Kg7 79. h5 Kh7 80. g4 Rh3 81. g5 Rh2+ 82. Ke3 Rh3+ 83. Bf3 Rh4 84. Rb7+ Kg8 85. g6 Kf8 86. g7+ Kg8 87. Bd5+ Kh7 88. g8=Q+ Kh6 89. Rh7# 1-0

[Event "Late-Titled-Tuesday-Blitz-September-05-2023"]
[Site "Chess.com"]
[Date "2023.09.05"]
[Round "10"]
[White "Chessbard1972"]
[Black "emeli_chess"]
[Result "1/2-1/2"]
[WhiteElo "2484"]
[BlackElo "2376"]
[TimeControl "180+1"]
[EndTime "15:57:38 PDT"]
[Termination "Game drawn - insufficient material"]

1. d4 Nf6 2. c4 e6 3. Nf3 d5 4. Nc3 Bb4 5. e3 O-O 6. Bd2 Nc6 7. Bd3 dxc4 8. Bxc4 Bd6 9. O-O e5 10. d5 Ne7 11. h3 a6 12. Nh4 Nfxd5 13. e4 Nf4 14. Nf3 Neg6 15. Be3 h6 16. Qd2 Kh8 17. Rfd1 Qe8 18.
Nd5 f5 19. exf5 Bxf5 20. Nxf4 Nxf4 21. Bxf4 exf4 22. Nd4 Qh5 23. Nxf5 Rxf5 24. Be2 f3 25. Bxf3 Rxf3 26. gxf3 Qxh3 27. f4 Qg4+ 28. Kf1 Bxf4 29.
Qd7 Qf3 30. Qd5 Qh3+ 31. Qg2 Qxg2+ 32. Kxg2 Bd6 33. Re1 Kg8 34. Re4 Kf7 35. Rae1 b5 36.
R1e3 b4 37. Rf3+ Kg8 38. Rf5 Rb8 39. b3 Rb6 40. Ra5 Rc6 41. Re2 Kf7 42. Rf5+ Kg6 43.
Rd5 Kf6 44. Rd3 g5 45. Rf3+ Bf4 46. Rd3 Rd6 47. Rxd6+ Bxd6 48. Re8 h5 49. Ra8 h4 50. Rxa6 g4 51. Ra5 h3+ 52. Kh1 g3 53. fxg3 Bxg3 54.
a3 bxa3 55. Rxa3 h2 56. Ra5 Bd6 57. Kg2 Ke6 58. Rh5 Be5 59. Kf3 Kd5 60. Ke3 Kd6 61. Ke4 Bg3 62. b4 Kc6 63. Kd4 Kb6 64. Kc4 c6 65. Rh6 Bf4 66. Rh4 Bg3 67. Rh5 Bf4 68.
Kb3 Bg3 69. Kc3 Bf4 70. Kd4 Bg3 71. Rh6 Bf4 72. Rh3 Bg3 73. Rh5 Bf4 74. Ke4 Bd6 75.
Rh6 Bg3 76. Rh5 Bd6 77. Kd4 Bg3 78. Kc4 Be5 79. Rh3 Bf4 80. Kb3 Bd6 81. Rh5 Bg3 82. Kc2 Bf4 83. Kd3 Bd6 84. Kc4 Bg3 85. Rh8 Be5 86. Rh7 Bf4 87. Rh5 Be5 88. Kb3 Bf4 89. Ka3 Bd6 90. Ka4 Bf4 91. Ka3 Bd6 92. Kb3 Bf4 93. Rh7 Bd6 94. Rh3 Bf4 95. Rh4 Bg3 96.
Rh5 Be5 97. Kc2 Bf4 98. Kd3 Bd6 99. Ke4 Bg3 100. Kf5 Bd6 101. Ke6 Bg3 102. Kd7 Bf4 103. Rh3 Kb5 104. Rh4 Bg3 105. Rh3 Kxb4 106. Kxc6 Kc4 107. Kd7 Kd4 108. Rxh2 Bxh2 1/2-1/2

[Event "Late-Titled-Tuesday-Blitz-September-05-2023"]
[Site "Chess.com"]
[Date "2023.09.05"]
[Round "11"]
[White "chessS1r"]
[Black "KNVB"]
[Result "0-1"]
[WhiteElo "2582"]
[BlackElo "2718"]
[TimeControl "180+1"]
[EndTime "15:59:01 PDT"]
[Termination "KNVB won by resignation"]

1. d4 e5 2. dxe5 Nc6 3. Nf3 Qe7 4. Bf4 Qb4+ 5. Bd2 Qxb2 6. Nc3 Bb4 7. Rb1 Qxc3 8.
Bxc3 Bxc3+ 9. Nd2 Nxe5 10. e3 Nf6 11. Be2 Ne4 0-1

[Event "Late-Titled-Tuesday-Blitz-September-05-2023"]
[Site "Chess.com"]
[Date "2023.09.05"]
[Round "11"]
[White "IMSlavin"]
[Black "Garmendiarov"]
[Result "1-0"]
[WhiteElo "2199"]
[BlackElo "2341"]
[TimeControl "180+1"]
[EndTime "16:01:20 PDT"]
[Termination "IMSlavin won by resignation"]

1. e4 c5 2. g3 d6 3. Bg2 Nc6 4. Ne2 g6 5. O-O Bg7 6. Nbc3 Nf6 7. a3 O-O 8. Rb1 a5 9. Nb5 Nd7 10. c4 Nde5 11. d3 e6 12. h3 Qe7 13. f4 Nd7 14. Kh2 Nd4 15. Nexd4 cxd4 16. b4 axb4 17. axb4 f5 18. Bb2 fxe4 19. Bxe4 e5 20. Nc7 Rb8 21. Nd5 Qd8 22. Bc1 Nf6 23. Bg2 Be6 24. Nxf6+ Bxf6 25. fxe5 dxe5 26. Bh6 Bg7 27. Bxg7 Kxg7 28. b5 Qa5 29.
Qe2 Rxf1 30. Rxf1 Rf8 31. Qxe5+ Kg8 32. Qxe6+ 1-0

[Event "Late-Titled-Tuesday-Blitz-September-05-2023"]
[Site "Chess.com"]
[Date "2023.09.05"]
[Round "11"]
[White "KrokerGuy"]
[Black "Gogolev_Artemy"]
[Result "1-0"]
[WhiteElo "2511"]
[BlackElo "2442"]
[TimeControl "180+1"]
[EndTime "16:01:50 PDT"]
[Termination "KrokerGuy won by resignation"]

1. e4 c5 2. Nf3 e6 3. d4 cxd4 4.
Nxd4 a6 5. Bd3 Bc5 6. Nb3 Ba7 7. O-O Nc6 8. Qg4 Nf6 9. Qxg7 Rg8 10. Qh6 Ne5 11. Bg5 Rg6 12. Qh4 b5 13. Kh1 Bb7 14. f4 Nxd3 15. cxd3 h6 16. Bxh6 Ng4 17. Bg5 Rxg5 18. fxg5 Nf2+ 19. Rxf2 Bxf2 20. Qh8+ 1-0

[Event "Late-Titled-Tuesday-Blitz-September-05-2023"]
[Site "Chess.com"]
[Date "2023.09.05"]
[Round "11"]
[White "Verony64"]
[Black "olakenn"]
[Result "1-0"]
[WhiteElo "2243"]
[BlackElo "1877"]
[TimeControl "180+1"]
[EndTime "16:02:00 PDT"]
[Termination "Verony64 won on time"]

1. e4 c6 2. Nc3 d5 3. e5 Bf5 4.
f4 e6 5. d3 h6 6. g3 Ne7 7.
Bg2 c5 8. h3 Nbc6 9. Nf3 d4 10.
Ne2 Qb6 11. O-O Bh7 12. g4 Nd5 13. Ng3 Be7 14. Qe2 O-O-O 15. a3 a6 16. Ne4 Qc7 17. Bd2 1-0

[Event "Late-Titled-Tuesday-Blitz-September-05-2023"]
[Site "Chess.com"]
[Date "2023.09.05"]
[Round "11"]
[White "IlanSchnaider"]
[Black "leoduarte"]
[Result "1-0"]
[WhiteElo "2729"]
[BlackElo "2426"]
[TimeControl "180+1"]
[EndTime "16:02:31 PDT"]
[Termination "IlanSchnaider won by resignation"]

1. e4 e5 2. Nf3 Nc6 3. d4 exd4 4. Nxd4 Nf6 5. Nxc6 bxc6 6. Bd3 d5 7. exd5 cxd5 8.
O-O Be7 9. c4 O-O 10. Nc3 dxc4 11. Bxc4 Qxd1 12. Rxd1 Bg4 13. f3 Bc5+ 14. Kf1 Bf5 15. Bf4 Bb6 16. g4 Be6 17. Be2 Rfd8 18. Bg5 Bd4 19. Rac1 h6 20. Bh4 Be5 21. Kg2 Rxd1 22.
Rxd1 Rb8 23. Rd2 Bf4 24. Rc2 Nd5 25. Nxd5 Bxd5 26. b3 c6 27. Bc4 Rd8 28. Bxd8 1-0